 Dungeon Sprint DCSS version 0.21.1-72-gffa868e0fe (webtiles) character file.

615 Pisosu the Blocker (level 7, -4/72 HPs)
             Began as a Minotaur Fighter on Aug 3, 2018.
             Was an Initiate of Trog.
             Blown up by Sonja (7 damage)
             ... with a wand of disintegration (10)
             ... in the Dungeon (Sprint I: "Red Sonja").
             The game lasted 00:02:00 (426 turns).

Pisosu the Blocker (Minotaur Fighter)                Turns: 426, Time: 00:02:01

Health: -4/72      AC:  6    Str: 22    XL:     7   Next: 21%
Magic:  6/6        EV:  9    Int:  5    God:    Trog [......]
Gold:   312        SH: 11    Dex: 10    Spells: 6/6 levels left

rFire    + . .     SeeInvis .   a - +0 war axe
rCold    . . .     Gourm    .   c - +0 shield
rNeg     . . .     Faith    .   l - +0 ring mail {rF+}
rPois    .         Spirit   .   (helmet restricted)
rElec    .         Reflect  .   (no cloak)
rCorr    .         Harm     .   (no gloves)
MR       .....     NoTele   +   (no boots)
Stlth    ..........             (no amulet)
HPRegen  0.22/turn              (no ring)
MPRegen  0.10/turn              (no ring)

@: lethally poisoned (-4 -> -5), slowed, heavily drained, very slow
A: retaliatory headbutt, horns 2
a: Burn Spellbooks, Renounce Religion


You were in the Dungeon.
You worshipped Trog.
Trog was noncommittal.
You were not hungry.

You visited 1 branch You collected 312 gold pieces.

Inventory:

Hand Weapons
 a - a +0 war axe (weapon)
Armour
 b - a +0 scale mail
 c - a +0 shield (worn)
 l - a +0 ring mail of fire resistance (worn)
Scrolls
 k - a scroll of blinking
Potions
 d - a potion of might
 e - a potion of curing
 g - a potion of heal wounds
 h - a potion of haste
 i - 2 potions of magic
 j - a potion of berserk rage
Comestibles
 f - 2 rations
 m - 5 chunks of flesh


   Skills:
 + Level 10.0(8.3) Fighting
 + Level 10.0(8.3) Axes
 + Level 9.6(7.9) Armour
 + Level 10.1(8.4) Shields


You had 6 spell levels left.
You didn't know any spells.

Dungeon Overview and Level Annotations

Branches:
Dungeon (1/1)

Altars:
Cheibriados
Dithmenos
Elyvilon
Fedhas
Gozag
Hepliaklqana
Kikubaaqudgha
Makhleb
Nemelex Xobeh
Okawaru
Qazlal
Ru
Sif Muna
Trog
Uskayaw
Vehumet
Wu Jian
Xom
Yredelemnul
Zin
The Shining One
Jiyva
Lugonu

Shops:
D *

Annotations:
D Sonja


Innate Abilities, Weirdness & Mutations

You reflexively headbutt those who attack you in melee.
You have a pair of horns on your head.


Message History

You feel sick.
Sonja unwields an uncursed blowgun.
Sonja wields an uncursed short sword of draining.
You sense an unholy aura.
You block Sonja's attack. x2
Sonja hits you but does no damage.
You feel drained.
You see here 27 gold pieces.
You miss Sonja.
Sonja is lightly wounded.
You feel sick.
Sonja mumbles some strange words.
Sonja blinks!
Sonja gestures wildly while chanting.
Sonja blinks!
You feel sick.
Sonja mumbles some strange words.
Sonja blinks!
Sonja says, "If only old Madame Brzewit could see me now!"
Sonja zaps a wand.
You are blasted!
* * * LOW HITPOINT WARNING * * *
Sonja zaps a wand.
You are blasted!
You die...

#..').#..').#..'^.+
#..#####'#####'#__#
#..####..#...#.####
#..#__####..##(#
#..#_____##'#_.+
#⌠⌠#_.∩K..÷..._#
####_..__##_(#'#
#_____###'#.#
#########@### +$.$+
#$K$# ##.## #+#


You could see Sonja.

Vanquished Creatures
  A slime creature (D)
  Sigmund (D)
  A yak (D)
  An ogre (D)
  A jelly (D)
  Ijyb (D)
6 creatures vanquished.

Vanquished Creatures (others)
  A gargoyle (D)
1 creature vanquished.

Grand Total: 7 creatures vanquished

Notes
Turn   | Place    | Note
-------+----------+-------------------------------------------
     0 | D        | Pisosu the Minotaur Fighter began the quest for the Orb.
     0 | D        | Reached XP level 1. HP: 19/19 MP: 0/0
     1 | D        | Noticed Ijyb
     9 | D        | Killed Ijyb
     9 | D        | Reached skill level 5 in Fighting
     9 | D        | Reached skill level 5 in Armour
     9 | D        | Reached skill level 5 in Shields
     9 | D        | Reached XP level 2. HP: 28/29 MP: 1/1
    23 | D        | Noticed an ogre
    30 | D        | Killed an ogre
    30 | D        | Reached skill level 5 in Axes
    30 | D        | Reached XP level 3. HP: 20/38 MP: 2/2
    30 | D        | Reached XP level 4. HP: 24/45 MP: 3/3
   171 | D        | Noticed Sigmund
   179 | D        | Killed Sigmund
   179 | D        | Reached XP level 5. HP: 43/53 MP: 4/4
   179 | D        | Reached XP level 6. HP: 49/61 MP: 5/5
   248 | D        | Found a burning altar of Makhleb.
   248 | D        | Found a viscous altar of Jiyva.
   248 | D        | Found a shimmering altar of Xom.
   248 | D        | Found a corrupted altar of Lugonu.
   248 | D        | Noticed a slime creature
   253 | D        | Killed a slime creature
   325 | D        | Found an ornate altar of the Wu Jian Council.
   325 | D        | Found a deep blue altar of Sif Muna.
   327 | D        | Found a radiant altar of Vehumet.
   335 | D        | Found Mowniuze's Assorted Antiques.
   335 | D        | Found an ancient bone altar of Kikubaaqudgha.
   335 | D        | Found a hazy altar of Hepliaklqana.
   335 | D        | Found a stormy altar of Qazlal.
   335 | D        | Found a hide-covered altar of Uskayaw.
   335 | D        | Found a blossoming altar of Fedhas.
   335 | D        | Found a bloodstained altar of Trog.
   335 | D        | Found an iron altar of Okawaru.
   335 | D        | Found a basalt altar of Yredelemnul.
   335 | D        | Found a glowing golden altar of the Shining One.
   335 | D        | Found a snail-covered altar of Cheibriados.
   335 | D        | Found a sacrificial altar of Ru.
   335 | D        | Found a glowing silver altar of Zin.
   335 | D        | Found a shadowy altar of Dithmenos.
   335 | D        | Found a white marble altar of Elyvilon.
   335 | D        | Noticed a yak
   339 | D        | Killed a yak
   339 | D        | Reached skill level 10 in Fighting
   339 | D        | Reached skill level 10 in Axes
   339 | D        | Reached skill level 10 in Shields
   339 | D        | Reached XP level 7. HP: 62/72 MP: 6/6
   340 | D        | Found an opulent altar of Gozag.
   343 | D        | Found a sparkling altar of Nemelex Xobeh.
   348 | D        | Became a worshipper of Trog the Wrathful
   386 | D        | Killed a gargoyle
   409 | D        | Noticed Sonja
   426 | D        | HP: 3/72 [disintegration (16)]
   426 | D        | Blown up by Sonja

Skill      XL: |  1  2  3  4  5  6 |
---------------+-------------------+-----
Fighting       | 5 6 8 10 | 10.0
Axes           | 3 5 7 10 | 10.0
Armour         | 5 6 8 9 |  9.6
Shields        | 5 6 8 10 | 10.1

Action                   |  1- 3 |  4- 6 |  7- 9 || total
-------------------------+-------+-------+-------++-------
Melee: War axe           |    13 |    16 |     3 ||    32
       Headbutt          |     2 |     4 |       ||     6
Armor: Scale mail        |     2 |       |       ||     2
       Ring mail         |       |       |     2 ||     2
Dodge: Dodged            |     3 |     7 |     2 ||    12
Block: Shield            |     6 |     7 |     8 ||    21
